[Event "*** SCC Grand Prix: Titled Tuesday Blitz"]
[Site "Chess.com"]
[Date "2020.08.04"]
[Round "6"]
[White "Vladislav_Chizhikov"]
[Black "j_coca"]
[Result "1-0"]
[WhiteElo "2458"]
[BlackElo "2309"]
[TimeControl "180+1"]
[EndTime "14:46:17 PDT"]
[Termination "Vladislav_Chizhikov won by resignation"]

1. e4 Nf6 2. e5 Nd5 3. Nc3 Nxc3 4. dxc3 d6 5. Nf3 Nc6 6. exd6 cxd6 7. Be3 g6 8. Qd2 Bg7 9. h4 h6 10. h5 g5 11.
O-O-O Bg4 12. Be2 Qd7 13. Kb1 Ne5 14. Nd4 Bxe2 15. Qxe2 e6 16. f4 gxf4 17. Bxf4 O-O-O 18. Nb5 Qe7 19. Nxa7+ Kb8 20. Nb5 f6 21. Qe3 1-0

[Event "*** SCC Grand Prix: Titled Tuesday Blitz"]
[Site "Chess.com"]
[Date "2020.08.04"]
[Round "6"]
[White "Evgeny81"]
[Black "Fandorine"]
[Result "1-0"]
[WhiteElo "2768"]
[BlackElo "2889"]
[TimeControl "180+1"]
[EndTime "14:47:04 PDT"]
[Termination "Evgeny81 won by resignation"]

1. d4 Nf6 2. c4 g6 3. Nf3 Bg7 4. e3 O-O 5. Be2 d6 6. b3 e5 7.
Bb2 e4 8. Nfd2 Re8 9. Nc3 Nbd7 10. Qc2 Qe7 11. b4 c6 12. O-O h5 13. a4 h4 14.
a5 a6 15. b5 h3 16. g3 Nf8 17.
bxc6 bxc6 18. Na4 Bf5 19. Nb6 Ra7 20. Qa4 c5 21. dxc5 dxc5 22. Bxf6 Qxf6 23. Qxe8 Re7 24.
Qd8 1-0

[Event "*** SCC Grand Prix: Titled Tuesday Blitz"]
[Site "Chess.com"]
[Date "2020.08.04"]
[Round "6"]
[White "kasparicy"]
[Black "RitvarsReimanis"]
[Result "0-1"]
[WhiteElo "2381"]
[BlackElo "2511"]
[TimeControl "180+1"]
[EndTime "14:47:37 PDT"]
[Termination "RitvarsReimanis won by resignation"]

1. e4 e5 2. Nf3 Nc6 3. Bc4 Nf6 4. d3 Bc5 5. c3 O-O 6. Bb3 h6 7.
Nbd2 d6 8. h3 a6 9. Nf1 Be6 10.
Bc2 d5 11. Qe2 dxe4 12. dxe4 b5 13. b3 b4 14. Bb2 bxc3 15. Bxc3 Nd4 16. Nxd4 exd4 17.
Bb2 Re8 18. O-O-O a5 19. g4 a4 20. Ng3 axb3 21. axb3 Ba3 22. e5 Qe7 23. Bxa3 Qxa3+ 24. Kd2 Qb4+ 0-1

[Event "*** SCC Grand Prix: Titled Tuesday Blitz"]
[Site "Chess.com"]
[Date "2020.08.04"]
[Round "6"]
[White "Fighter008"]
[Black "allvim"]
[Result "1-0"]
[WhiteElo "2618"]
[BlackElo "2376"]
[TimeControl "180+1"]
[EndTime "14:47:42 PDT"]
[Termination "Fighter008 won by resignation"]

1. e4 c5 2. Nf3 d6 3. d4 cxd4 4. Nxd4 Nf6 5. Nc3 a6 6. Be3 e5 7. Nb3 Be6 8. Qd2 Nbd7 9. O-O-O Qc7 10. f4 exf4 11. Bxf4 Ne5 12. Nd4 Be7 13. Kb1 O-O 14. g4 Rac8 15. g5 Nfd7 16. Nf5 Bxf5 17. Nd5 Qxc2+ 18.
Qxc2 Rxc2 19. Nxe7+ Kh8 20. Nxf5 Rf2 21. Bg3 Rf3 22.
Be2 1-0

[Event "*** SCC Grand Prix: Titled Tuesday Blitz"]
[Site "Chess.com"]
[Date "2020.08.04"]
[Round "6"]
[White "SantoBlue"]
[Black "abykhovsky"]
[Result "1-0"]
[WhiteElo "2921"]
[BlackElo "2769"]
[TimeControl "180+1"]
[EndTime "14:47:52 PDT"]
[Termination "SantoBlue won by checkmate"]

1. e4 c5 2. Nf3 e6 3. Nc3 a6 4. g3 b5 5. d4 Bb7 6. Bg2 cxd4 7. Nxd4 Nf6 8. a3 d6 9. O-O Nbd7 10.
Nb3 Qc7 11. f4 Be7 12. g4 h6 13. Be3 Nb6 14. Na5 Nc4 15. Nxc4 Qxc4 16. Qf3 O-O 17.
Rad1 Rac8 18. g5 hxg5 19. fxg5 Nd7 20. Qh5 Ne5 21. Rf4 Ng6 22. Rf3 d5 23. Rh3 Rfd8 24. Qh7+ Kf8 25. Qh8+ Nxh8 26. Rxh8# 1-0

[Event "*** SCC Grand Prix: Titled Tuesday Blitz"]
[Site "Chess.com"]
[Date "2020.08.04"]
[Round "6"]
[White "Shield12"]
[Black "Fh2411"]
[Result "1-0"]
[WhiteElo "2834"]
[BlackElo "2548"]
[TimeControl "180+1"]
[EndTime "14:47:53 PDT"]
[Termination "Shield12 won by checkmate"]

1. e4 c5 2. Nf3 e6 3. d4 cxd4 4. Nxd4 a6 5. c4 Nf6 6. Nc3 Bb4 7. Qd3 Qc7 8. a3 Bxc3+ 9. Qxc3 O-O 10. f3 d5 11.
cxd5 Qxc3+ 12. bxc3 exd5 13. e5 Nfd7 14. f4 Nc5 15. Be3 f6 16. exf6 Rxf6 17. Be2 Rf8 18.
Bf3 Nd3+ 19. Kd2 Nxf4 20. Rhf1 g5 21. g3 Nh3 22. Bxd5+ Kg7 23. Rxf8 Kxf8 24. Rf1+ Ke7 25. Rf7+ Kd6 26. c4 Nd7 27. Nf5+ Ke5 28. Bd4# 1-0

[Event "*** SCC Grand Prix: Titled Tuesday Blitz"]
[Site "Chess.com"]
[Date "2020.08.04"]
[Round "6"]
[White "FMJoseHerrera"]
[Black "BlueWizzard"]
[Result "0-1"]
[WhiteElo "2502"]
[BlackElo "2706"]
[TimeControl "180+1"]
[EndTime "14:48:16 PDT"]
[Termination "BlueWizzard won by resignation"]

1. f3 c6 2. g3 Qb6 3. d4 Nf6 4. Kf2 e5 5. e3 e4 6. f4 d5 7. h3 c5 8. Ne2 Nc6 9. Kg2 Be6 10. c3 h6 11. dxc5 Bxc5 12. Nd4 g5 13. f5 Bd7 14.
Nd2 Nxd4 15. cxd4 Bd6 16. g4 h5 17. Be2 hxg4 18. hxg4 O-O-O 19. Nb3 Bc7 20. Bd2 Qd6 21.
Qg1 Qg3+ 22. Kf1 Rxh1 23. Qxh1 Nxg4 24. Bxg4 Qxg4 25. Rc1 Bb5+ 0-1

[Event "*** SCC Grand Prix: Titled Tuesday Blitz"]
[Site "Chess.com"]
[Date "2020.08.04"]
[Round "6"]
[White "VerdeNotte"]
[Black "csati17"]
[Result "1-0"]
[WhiteElo "2861"]
[BlackElo "2605"]
[TimeControl "180+1"]
[EndTime "14:48:17 PDT"]
[Termination "VerdeNotte won by checkmate"]

1. a3 e5 2. c4 Nf6 3. Nf3 d6 4. Nc3 g6 5. b4 Bg7 6. Bb2 O-O 7. g3 e4 8. Nd4 c5 9. Nc2 d5 10. Nxd5 Nxd5 11. Bxg7 Kxg7 12. cxd5 Qxd5 13. Bg2 h5 14. d3 h4 15. Bxe4 Qe5 16. Rc1 hxg3 17. hxg3 Nc6 18. Qd2 g5 19. Rh5 f6 20. f4 Qe8 21. Rh7+ Kg8 22. Qc3 Bg4 23. fxg5 Rc8 24. Ne3 cxb4 25. Nxg4 bxc3 26. Nh6# 1-0

[Event "*** SCC Grand Prix: Titled Tuesday Blitz"]
[Site "Chess.com"]
[Date "2020.08.04"]
[Round "6"]
[White "YIYUKI"]
[Black "Steven_Rojas"]
[Result "0-1"]
[WhiteElo "2299"]
[BlackElo "2453"]
[TimeControl "180+1"]
[EndTime "14:48:19 PDT"]
[Termination "Steven_Rojas won by resignation"]

1. e4 e6 2. d4 d5 3. e5 c5 4. c3 Nc6 5. Nf3 Qb6 6. a3 Nh6 7. b4 cxd4 8. cxd4 Nf5 9. Be3 Be7 10. Bd3 O-O 11. O-O Nxe3 12. fxe3 f6 13. exf6 Bxf6 14. Nc3 Ne7 15. Na4 Qd6 16. Rc1 b6 17. Qc2 g6 18. Nc3 Bd7 19. Nb5 Bxb5 20. Bxb5 Rac8 21. Qd3 Nf5 22. Ba6 Rxc1 23. Rxc1 g5 24. h3 h5 25. g4 Qg3+ 26. Kh1 Qxf3+ 0-1

[Event "*** SCC Grand Prix: Titled Tuesday Blitz"]
[Site "Chess.com"]
[Date "2020.08.04"]
[Round "6"]
[White "Ermito2020"]
[Black "Lucas_Tomiello"]
[Result "1-0"]
[WhiteElo "2675"]
[BlackElo "2463"]
[TimeControl "180+1"]
[EndTime "14:48:24 PDT"]
[Termination "Ermito2020 won by resignation"]

1. e4 c5 2. Nf3 d6 3. d4 cxd4 4. Nxd4 Nf6 5. Nc3 a6 6. Bg5 Nbd7 7. Bc4 g6 8. Qd2 Bg7 9. O-O-O O-O 10. Bh6 Qc7 11. Bb3 Nc5 12. f3 b5 13. h4 b4 14.
Nd5 Nxb3+ 15. Nxb3 Nxd5 16. exd5 Bf5 17. Bxg7 Kxg7 18.
Nd4 Rac8 19. g4 Bd7 20. h5 Rh8 21. Qg5 f6 22. Qe3 Kf7 23. Rde1 Ba4 24. hxg6+ hxg6 25. Qe6+ 1-0

[Event "*** SCC Grand Prix: Titled Tuesday Blitz"]
[Site "Chess.com"]
[Date "2020.08.04"]
[Round "6"]
[White "harkerchess"]
[Black "Donskov_AN"]
[Result "0-1"]
[WhiteElo "2131"]
[BlackElo "2422"]
[TimeControl "180+1"]
[EndTime "14:48:26 PDT"]
[Termination "Donskov_AN won by resignation"]

1. Nc3 e5 2. Nf3 Nc6 3. d4 exd4 4. Nxd4 Nf6 5. Bg5 Be7 6. Nf5 O-O 7. Nxe7+ Qxe7 8.
Nd5 Qe5 9. Bxf6 gxf6 10. e3 Ne7 11. Nxe7+ Qxe7 12. c3 Kh8 13. Bd3 Rg8 14. Qh5 Rg7 15.
O-O d6 16. Rad1 Bg4 17. Qh4 Bxd1 18. Rxd1 Rag8 19. Be4 b6 20. h3 Qd8 21. Rd5 f5 22.
Qxd8 Rxd8 23. Rxf5 Re8 24. Bc6 Re5 25. Rxe5 dxe5 26.
Kf1 Rg6 27. Bf3 Rd6 28. Ke2 f5 29. e4 f4 30. Bg4 Kg7 31. f3 Kf6 32. Bf5 h6 33.
Bg4 Kg5 34. Bf5 Kh4 35. Bg4 Kg3 36. Bf5 Kxg2 37. Bg4 c5 38. Bf5 a5 39. Bg4 Kg3 40. a4 Rd8 41. Bf5 h5 42. Be6 Rd6 43. Bf5 Rf6 44. Bd7 Kh4 45. Bc8 Rg6 46. Kf2 Rg3 47. Bf5 Rxh3 0-1

[Event "*** SCC Grand Prix: Titled Tuesday Blitz"]
[Site "Chess.com"]
[Date "2020.08.04"]
[Round "6"]
[White "saisree"]
[Black "kosya4ok"]
[Result "0-1"]
[WhiteElo "2409"]
[BlackElo "2709"]
[TimeControl "180+1"]
[EndTime "14:48:27 PDT"]
[Termination "kosya4ok won by resignation"]

1. Nf3 g6 2. e3 Bg7 3. d4 d6 4. h4 Nf6 5. Be2 c5 6. c3 Nc6 7.
Nbd2 O-O 8. Nf1 b6 9. Ng3 h6 10.
h5 g5 11. e4 cxd4 12. Nxd4 Nxd4 13. cxd4 e6 14. f4 gxf4 15. Bxf4 Nh7 16. Qd2 Ng5 17. O-O-O Bb7 18. Bd3 Bxd4 19. Kb1 Be5 20. Rh4 Rc8 21. Rg4 Bxf4 22. Qxf4 Rc5 23. Rf1 Qe7 24. Ne2 Rfc8 25.
Nd4 Qf8 26. Nf3 Qg7 27. b4 Qc3 28. Ne1 Qxb4+ 29. Ka1 Rc1+ 0-1

[Event "*** SCC Grand Prix: Titled Tuesday Blitz"]
[Site "Chess.com"]
[Date "2020.08.04"]
[Round "6"]
[White "mishanick"]
[Black "RobertoJBM"]
[Result "1-0"]
[WhiteElo "2933"]
[BlackElo "2703"]
[TimeControl "180+1"]
[EndTime "14:48:29 PDT"]
[Termination "mishanick won by resignation"]

1. d4 d5 2. c4 c6 3. Nf3 Nf6 4. Nc3 dxc4 5. a4 Bf5 6. Ne5 Nbd7 7. Nxc4 Nb6 8. e3 e6 9. Ne5 a5 10. g4 Bg6 11. h4 Nfd7 12. Nxd7 Nxd7 13. h5 Bxh5 14. gxh5 Nf6 15. Qf3 Bb4 16. h6 g6 17.
Bd2 O-O 18. Bc4 Qe7 19. e4 Nd7 20. Rd1 Rad8 21. Rg1 Nb6 22. Bb3 Rxd4 23. Bg5 Rxd1+ 24. Kxd1 f6 25. Be3 Nd7 26. Kc2 Nc5 27. Bxc5 Bxc5 28. Rd1 Bd6 29. Qg4 f5 30. exf5 Rxf5 31. Ne4 Be5 32. Qe2 Kf8 33. Kb1 Qh4 34. Qd3 Rf4 35.
f3 Qe7 36. Qe3 Rh4 37. Nc5 Ke8 38. Qxe5 1-0

[Event "*** SCC Grand Prix: Titled Tuesday Blitz"]
[Site "Chess.com"]
[Date "2020.08.04"]
[Round "6"]
[White "AvitalBor"]
[Black "TST2014"]
[Result "1-0"]
[WhiteElo "2760"]
[BlackElo "2530"]
[TimeControl "180+1"]
[EndTime "14:48:29 PDT"]
[Termination "AvitalBor won by resignation"]

1. e4 c5 2. c3 Nf6 3. e5 Nd5 4. d4 cxd4 5. cxd4 Nc6 6. Nf3 d6 7. Bc4 Nb6 8. Bb5 dxe5 9. Nxe5 Bd7 10. Nxd7 Qxd7 11. Nc3 e6 12. O-O Be7 13. Qg4 g6 14.
Rd1 h5 15. Qf3 a6 16. Bxc6 Qxc6 17. d5 Nxd5 18. Nxd5 exd5 19. Re1 Kf8 20. Be3 Bf6 21.
Rac1 Qe6 22. Bc5+ Kg7 23. Rxe6 fxe6 24. Bd4 Bxd4 25. Rc7+ Kh6 26. Qf4+ g5 27. Qxd4 Rhg8 28. Qf6+ Rg6 29. Qe7 g4 30. Rxb7 Rc8 31. g3 Rc2 32. Kf1 Rc1+ 33. Kg2 Rc2 34. Rb6 a5 35. Qf8+ Kh7 36.
Rb7+ Rc7 37. Rxc7+ 1-0

[Event "*** SCC Grand Prix: Titled Tuesday Blitz"]
[Site "Chess.com"]
[Date "2020.08.04"]
[Round "6"]
[White "Sam_ChessMood"]
[Black "LyonBeast"]
[Result "0-1"]
[WhiteElo "2805"]
[BlackElo "3028"]
[TimeControl "180+1"]
[EndTime "14:48:31 PDT"]
[Termination "LyonBeast won by resignation"]

1. e4 c6 2. Nf3 d5 3. d3 dxe4 4. dxe4 Qxd1+ 5. Kxd1 g6 6. Nfd2 Bg7 7. f3 Nf6 8. Nc4 O-O 9. Be3 Rd8+ 10. Bd3 Ne8 11. Nc3 Be6 12. Ke2 Nd6 13. Nxd6 exd6 14. Kf2 Nd7 15.
a4 a5 16. Rhd1 Nc5 17. Be2 f5 18. Bd4 fxe4 19. Nxe4 Nxe4+ 20. fxe4 Bxd4+ 21. Rxd4 Kf7 22. Rad1 Ke7 23. Ke3 Rd7 24. Bc4 c5 0-1

[Event "*** SCC Grand Prix: Titled Tuesday Blitz"]
[Site "Chess.com"]
[Date "2020.08.04"]
[Round "6"]
[White "DishonorOnYourCow"]
[Black "chessvr"]
[Result "1-0"]
[WhiteElo "2278"]
[BlackElo "2100"]
[TimeControl "180+1"]
[EndTime "14:48:33 PDT"]
[Termination "DishonorOnYourCow won by resignation"]

1. d4 Nf6 2. c4 c5 3. d5 b5 4. cxb5 a6 5. bxa6 g6 6. Nc3 Bg7 7. Nf3 Bxa6 8. e4 Bxf1 9. Kxf1 d6 10. g3 O-O 11. Kg2 Ra6 12. a4 Nfd7 13. Qc2 Qa5 14. Nd2 Ne5 15. Nb5 Rb6 16. f4 Rxb5 17. axb5 Qxa1 18.
fxe5 Bxe5 19. Nc4 Nd7 20. Bh6 Qa8 21. Bxf8 Kxf8 22. b6 Bd4 23. Qb3 Qb7 24. Ra1 Nf6 25. Ra7 Qb8 26. Qa4 Nxe4 27. Ra8 Qxa8 28. Qxa8+ Kg7 29.
b7 e6 30. b8=Q exd5 31. Qxd5 Nf6 32. Qdxd6 Ne8 33. Qxe8 1-0

[Event "*** SCC Grand Prix: Titled Tuesday Blitz"]
[Site "Chess.com"]
[Date "2020.08.04"]
[Round "6"]
[White "DanielTitichoca"]
[Black "chalowey97"]
[Result "1-0"]
[WhiteElo "2312"]
[BlackElo "2146"]
[TimeControl "180+1"]
[EndTime "14:48:41 PDT"]
[Termination "DanielTitichoca won by resignation"]

1. e4 e6 2. Nf3 d5 3. Nc3 d4 4.
Ne2 c5 5. c3 Nc6 6. d3 e5 7. c4 g6 8. g3 Bg7 9. Bg2 Nge7 10.
O-O O-O 11. Nd2 f5 12. f4 fxe4 13. Nxe4 b6 14. a3 a5 15. h3 Ra7 16. Bd2 exf4 17.
Bxf4 Ne5 18. Qd2 Nf5 19. Rae1 Bb7 20. Bg5 Qa8 21. Nf4 Bxe4 22. Bxe4 Qc8 23. Bd5+ Kh8 24. Ne6 Re8 25. Nxg7 Kxg7 26. g4 Ne3 27. Bf6+ Kf8 28. Bxe5+ Nxf1 29. Rxf1+ Ke7 30. Qg5+ Kd7 31. Rf7+ 1-0

[Event "*** SCC Grand Prix: Titled Tuesday Blitz"]
[Site "Chess.com"]
[Date "2020.08.04"]
[Round "6"]
[White "Zubrrr"]
[Black "eightbyeightchess"]
[Result "1-0"]
[WhiteElo "2642"]
[BlackElo "2428"]
[TimeControl "180+1"]
[EndTime "14:48:42 PDT"]
[Termination "Zubrrr won by checkmate"]

1. c4 c6 2. g3 d5 3. Bg2 Nf6 4. Nf3 Bf5 5. O-O e6 6. b3 Bc5 7.
Bb2 O-O 8. d3 dxc4 9. bxc4 Nbd7 10. Nc3 Qe7 11. Rb1 Rfd8 12. Qc2 Rac8 13. Ba1 b5 14. cxb5 cxb5 15. Rxb5 Nb6 16. Qb3 e5 17. Ng5 Bd7 18. Ra5 Bc6 19. Rxc5 Qxc5 20. Nxf7 Bxg2 21.
Nh6+ Kh8 22. Qg8+ Rxg8 23. Nf7# 1-0

[Event "*** SCC Grand Prix: Titled Tuesday Blitz"]
[Site "Chess.com"]
[Date "2020.08.04"]
[Round "6"]
[White "g2_g3"]
[Black "DrMamaliga"]
[Result "1-0"]
[WhiteElo "2034"]
[BlackElo "2156"]
[TimeControl "180+1"]
[EndTime "14:48:46 PDT"]
[Termination "g2_g3 won by resignation"]

1. d4 Nf6 2. Nf3 c5 3. e3 cxd4 4. exd4 d5 5. Bd3 Nc6 6. c3 Bg4 7. O-O e6 8. Qb3 Qc8 9. Ne5 Bh5 10. Nxc6 bxc6 11. c4 Bg6 12. cxd5 Bxd3 13. Qxd3 cxd5 14.
Bg5 Be7 15. Qb5+ Qd7 16. Nc3 O-O 17. Qxd7 Nxd7 18. Bxe7 Rfb8 19. b3 Rc8 20. Rac1 Rc7 21. Na4 Rac8 22. Rxc7 Rxc7 23. Nc5 Nb6 24. Bd8 Rc6 25.
Bxb6 axb6 26. Na4 f6 27. g3 e5 28. Rd1 e4 29. Kf1 f5 30. Ke2 Rc2+ 31. Rd2 Rc6 32. Kd1 g5 33. Rc2 Re6 34. Rc8+ Kf7 35. Rc7+ Kg6 36.
Rb7 f4 37. Rxb6 Rxb6 38. Nxb6 f3 39. Nxd5 1-0

[Event "*** SCC Grand Prix: Titled Tuesday Blitz"]
[Site "Chess.com"]
[Date "2020.08.04"]
[Round "6"]
[White "Zarikovs1999"]
[Black "Machidon"]
[Result "0-1"]
[WhiteElo "2380"]
[BlackElo "2514"]
[TimeControl "180+1"]
[EndTime "14:48:50 PDT"]
[Termination "Machidon won on time"]

1. e4 c6 2. d4 d5 3. Nc3 dxe4 4.
Nxe4 Bf5 5. Ng3 Bg6 6. h4 h6 7. Nf3 Nd7 8. h5 Bh7 9. Bd3 Bxd3 10.
Qxd3 e6 11. Bd2 Ngf6 12. O-O-O Qc7 13. Kb1 Bd6 14. Ne4 Nxe4 15. Qe3 O-O-O 16. Qxe4 c5 17. dxc5 Bxc5 18. Bf4 Qb6 19. Bh2 Bxf2 20. Qf4 f6 21.
Rxd7 Kxd7 22. Qa4+ Ke7 23. Bf4 Rd7 24. a3 Rhd8 25. Ka2 Rd4 26. Nxd4 Rxd4 27. Bd6+ Rxd6 28. Qg4 Kf8 0-1

[Event "*** SCC Grand Prix: Titled Tuesday Blitz"]
[Site "Chess.com"]
[Date "2020.08.04"]
[Round "6"]
[White "Rud_Makarian"]
[Black "Slovak_fighter2000"]
[Result "1-0"]
[WhiteElo "2654"]
[BlackElo "2453"]
[TimeControl "180+1"]
[EndTime "14:48:57 PDT"]
[Termination "Rud_Makarian won by resignation"]

1. e4 e6 2. d4 d5 3. Nc3 Nf6 4.
e5 Nfd7 5. f4 c5 6. Nf3 Nc6 7.
Be3 Be7 8. a3 a6 9. dxc5 Bxc5 10. Bxc5 Nxc5 11. b4 Nd7 12. Bd3 f6 13. O-O O-O 14.
Qe2 fxe5 15. Nxe5 Ndxe5 16. fxe5 Rxf1+ 17. Rxf1 Qe7 18. Qh5 g6 19. Bxg6 hxg6 20. Qxg6+ Qg7 21. Qe8+ Kh7 22. Rf7 Nxe5 23. Rxg7+ Kxg7 24. Na4 Nd7 25. Qxe6 Nf6 26. Qe7+ Kg6 27. Nb6 Rb8 28. Qc7 1-0

[Event "*** SCC Grand Prix: Titled Tuesday Blitz"]
[Site "Chess.com"]
[Date "2020.08.04"]
[Round "6"]
[White "Infernal_XaM"]
[Black "praveenb2002"]
[Result "1-0"]
[WhiteElo "2923"]
[BlackElo "2780"]
[TimeControl "180+1"]
[EndTime "14:49:00 PDT"]
[Termination "Infernal_XaM won by checkmate"]

1. d4 Nf6 2. c4 g6 3. Nc3 Bg7 4. e4 d6 5. Be2 O-O 6. Nf3 e5 7. O-O Nc6 8. d5 Ne7 9. b4 a5 10. bxa5 c5 11. a4 Rxa5 12. Bd2 Nh5 13. g3 h6 14. Re1 f5 15. exf5 gxf5 16. Nxe5 Nxg3 17. hxg3 dxe5 18. Ra3 Ra6 19. Nb5 f4 20. Bh5 fxg3 21. Rxg3 Raf6 22. Rxe5 Rxf2 23. Bxh6 Nf5 24. Rxf5 R8xf5 25. Bxg7 Rf1+ 26. Qxf1 Rxf1+ 27. Kxf1 Qh4 28. Be5+ Kh7 29. Bg6+ Kh6 30. Bd3 Bh3+ 31. Kf2 b6 32. Bg7+ Kh5 33. Bg6# 1-0

[Event "*** SCC Grand Prix: Titled Tuesday Blitz"]
[Site "Chess.com"]
[Date "2020.08.04"]
[Round "6"]
[White "icychess54"]
[Black "Yoshikrov"]
[Result "1-0"]
[WhiteElo "2269"]
[BlackElo "2133"]
[TimeControl "180+1"]
[EndTime "14:49:02 PDT"]
[Termination "icychess54 won by resignation"]

1. c4 Nf6 2. Nf3 d5 3. e3 g6 4.
Nc3 Bg7 5. cxd5 Nxd5 6. Bc4 Nxc3 7.
bxc3 O-O 8. O-O c5 9. d4 cxd4 10. cxd4 Bg4 11. h3 Bf5 12. Re1 Be4 13. Nd2 Bc6 14. Bb2 e6 15. Nb3 Nd7 16. Qd2 Rc8 17. Na5 Be4 18. f3 b6 19. fxe4 bxa5 20. Bb3 Nf6 21. e5 Nd5 22. Ba3 Re8 23. Ba4 Qg5 24. Bxe8 Rxe8 25. Rac1 Bh6 26. Qf2 Nxe3 27. Rc7 Nf5 28. Bc1 Qxc1 29. Rexc1 Bxc1 30. Rxc1 1-0

[Event "*** SCC Grand Prix: Titled Tuesday Blitz"]
[Site "Chess.com"]
[Date "2020.08.04"]
[Round "6"]
[White "BeanScreen"]
[Black "ChessWarrior7197"]
[Result "0-1"]
[WhiteElo "2722"]
[BlackElo "2885"]
[TimeControl "180+1"]
[EndTime "14:49:20 PDT"]
[Termination "ChessWarrior7197 won by resignation"]

1. e4 c5 2. Nf3 d6 3. d4 cxd4 4.
Nxd4 Nf6 5. Nc3 a6 6. Be3 e6 7. f3 b5 8. Qd2 Bb7 9. g4 Nfd7 10. O-O-O Nb6 11. a3 N8d7 12. g5 Rc8 13. h4 Ne5 14.
f4 Nec4 15. Bxc4 Nxc4 16. Qd3 Qa5 17. Bd2 b4 18. Nb3 Nxb2 19. Nxa5 Nxd3+ 20. cxd3 bxc3 21. Nxb7 cxd2+ 22. Kxd2 Kd7 23. Rb1 d5 24. Rb6 Bxa3 25.
Rxa6 Bb4+ 26. Ke3 Rc7 27. Ra7 Rb8 28. exd5 exd5 29. Rb1 Rbxb7 30. Rxb7 Rxb7 31. Rc1 Rc7 32. Rb1 Bc5+ 33. Kf3 Bd6 34. Rb3 g6 35. Kg4 Ra7 36. Rb5 Ke6 37. h5 Ra4 0-1

[Event "*** SCC Grand Prix: Titled Tuesday Blitz"]
[Site "Chess.com"]
[Date "2020.08.04"]
[Round "6"]
[White "gisela_roque"]
[Black "LubovMarkelova"]
[Result "0-1"]
[WhiteElo "1851"]
[BlackElo "2241"]
[TimeControl "180+1"]
[EndTime "14:49:23 PDT"]
[Termination "LubovMarkelova won on time"]

1. c4 e6 2. Nf3 d5 3. b3 d4 4. Bb2 c5 5. g3 Nc6 6. Bg2 Nf6 7.
O-O Bd6 8. e3 e5 9. exd4 cxd4 10.
Re1 O-O 11. d3 a5 12. Nbd2 Re8 13. Ng5 Bf8 14. Nge4 Nd7 15. Nf3 h6 16. Re2 f5 17.
Ned2 Nc5 18. Nf1 Qf6 19. Nxd4 Nb4 20. Nb5 Nbxd3 21. Nc7 Bd7 22. Nxe8 Rxe8 23. Ba3 e4 24. Ne3 Bc6 25. Bxc5 Bxc5 26. Nd5 Qd4 27. Ne3 Qf6 28. Rd2 f4 29. gxf4 Qxf4 30. Rxd3 exd3 31. Bxc6 bxc6 32. Qxd3 Bxe3 33. fxe3 Rxe3 0-1

[Event "*** SCC Grand Prix: Titled Tuesday Blitz"]
[Site "Chess.com"]
[Date "2020.08.04"]
[Round "6"]
[White "abfchess"]
[Black "Belka1989"]
[Result "1-0"]
[WhiteElo "2154"]
[BlackElo "2281"]
[TimeControl "180+1"]
[EndTime "14:49:25 PDT"]
[Termination "abfchess won by checkmate"]

1. d4 Nf6 2. Nf3 d5 3. Bg5 Bf5 4. e3 e6 5. Bd3 Bg6 6. O-O Nbd7 7. c4 c6 8. Nc3 Bd6 9. c5 Be7 10. b4 a6 11. a4 Ne4 12. Bxe7 Qxe7 13. Bxe4 Bxe4 14.
Nxe4 dxe4 15. Nd2 f5 16. Nc4 O-O 17. Nd6 Nf6 18. Qb3 Nd5 19. b5 Rf6 20. bxc6 bxc6 21. Qb7 Raf8 22. Qxe7 Nxe7 23. Rab1 f4 24. Nxe4 Rf5 25.
Nd6 Rg5 26. g3 f3 27. Rb7 Nf5 28. Rfb1 h5 29. Rb8 Rxb8 30. Rxb8+ Kh7 31. Nf7 Rg6 32.
Rh8# 1-0

[Event "*** SCC Grand Prix: Titled Tuesday Blitz"]
[Site "Chess.com"]
[Date "2020.08.04"]
[Round "6"]
[White "PauloCesarCosta_sad"]
[Black "Chuchofrio1"]
[Result "1-0"]
[WhiteElo "2240"]
[BlackElo "2289"]
[TimeControl "180+1"]
[EndTime "14:49:37 PDT"]
[Termination "PauloCesarCosta_sad won by checkmate"]

1. Nf3 f5 2. d4 Nf6 3. g3 d6 4. Bg2 g6 5. O-O Bg7 6. c4 O-O 7. Nc3 Nc6 8. d5 Ne5 9. Nxe5 dxe5 10. Bg5 e4 11. e3 e6 12. dxe6 Bxe6 13. b3 h6 14.
Bxf6 Qxf6 15. Rc1 Rad8 16. Qe2 Rd3 17. Nb5 c6 18. Nd4 Bf7 19. Rfd1 Rxd1+ 20. Rxd1 Rd8 21.
Bf1 Qd6 22. c5 Qe7 23. b4 g5 24. Qc2 f4 25. Bc4 Bxd4 26. Rxd4 Rxd4 27. Bxf7+ Kxf7 28.
exd4 Qe6 29. a3 f3 30. Kf1 Qh3+ 31. Ke1 Qxh2 32. Qxe4 Qg1+ 33. Kd2 Qxf2+ 34. Kd1 Qe2+ 35. Qxe2 fxe2+ 36. Kxe2 Ke6 37. g4 Kd5 38. Kd3 b6 39. Ke3 b5 40. Kd3 a6 41. Ke3 Kc4 42. Ke4 Kb3 43.
d5 cxd5+ 44. Kxd5 Kxa3 45. c6 Kxb4 46. c7 a5 47. c8=Q a4 48. Qc5+ Ka5 49. Qa7+ Kb4 50. Qc5+ Ka5 51. Qa7+ Kb4 52. Kd4 Kb3 53. Qc5 b4 54.
Qc4+ Ka3 55. Kd3 b3 56. Kc3 Ka2 57. Qxa4+ Kb1 58. Qxb3+ Kc1 59. Qc2# 1-0

[Event "*** SCC Grand Prix: Titled Tuesday Blitz"]
[Site "Chess.com"]
[Date "2020.08.04"]
[Round "6"]
[White "JMatias"]
[Black "Resignify"]
[Result "1-0"]
[WhiteElo "2400"]
[BlackElo "2204"]
[TimeControl "180+1"]
[EndTime "14:49:38 PDT"]
[Termination "JMatias won on time"]

1. e4 d6 2. d4 Nf6 3. Nc3 g6 4. Bf4 c6 5. Qd2 Qa5 6. Bd3 e5 7. dxe5 dxe5 8. Bg5 Nbd7 9. Nge2 h6 10. Bh4 g5 11. Bg3 Nh5 12. O-O-O Nf4 13. Rhg1 Nc5 14. Bc4 b5 15. Bb3 Nxb3+ 16. cxb3 Be6 17. Kb1 Bb4 18. Qe3 O-O 19. h4 Nxe2 20. Nxe2 f6 21. hxg5 fxg5 22. Bxe5 Rad8 23. Nd4 Bd7 24. Rh1 Kh7 25.
Qxg5 1-0

[Event "*** SCC Grand Prix: Titled Tuesday Blitz"]
[Site "Chess.com"]
[Date "2020.08.04"]
[Round "6"]
[White "51616516516"]
[Black "rududuyk"]
[Result "0-1"]
[WhiteElo "2242"]
[BlackElo "2079"]
[TimeControl "180+1"]
[EndTime "14:49:39 PDT"]
[Termination "rududuyk won on time"]

1. d4 e6 2. c4 f5 3. Nf3 Nf6 4. g3 Be7 5. Bg2 O-O 6. O-O d6 7. Nc3 Ne4 8. Qc2 Nxc3 9. Qxc3 a5 10. Qc2 Nc6 11. e4 e5 12. dxe5 dxe5 13. Rd1 Qe8 14. Bg5 Bc5 15. Rd5 Nb4 16. Qd2 Bd6 17. exf5 Nxd5 18.
Qxd5+ Kh8 19. Nh4 Qh5 20. Be3 Bxf5 21. Nxf5 Qxf5 22. c5 Be7 23. Qxb7 Rab8 24. Qxc7 Bg5 25. Bxg5 Qxg5 26. Rf1 Rxb2 27. Qd6 Qf5 28. c6 Rxf2 29. Re1 Qc2 0-1

[Event "*** SCC Grand Prix: Titled Tuesday Blitz"]
[Site "Chess.com"]
[Date "2020.08.04"]
[Round "6"]
[White "BJthechessgod"]
[Black "albano87"]
[Result "1-0"]
[WhiteElo "2269"]
[BlackElo "2440"]
[TimeControl "180+1"]
[EndTime "14:49:41 PDT"]
[Termination "BJthechessgod won by resignation"]

1. e4 c5 2. Nf3 Nc6 3. d4 cxd4 4. Nxd4 Nf6 5. Nc3 d6 6. Bc4 Bd7 7. O-O Rc8 8. Bb3 g6 9. h3 Bg7 10. Be3 O-O 11. f4 Nxd4 12. Bxd4 Bc6 13. e5 dxe5 14. fxe5 Nd5 15. Nxd5 Bxd5 16. c3 e6 17. Bxd5 Qxd5 18.
Qf3 Qxf3 19. Rxf3 a6 20. Raf1 Rc4 21. Kf2 Ra4 22. a3 Ra5 23. Re1 Rd5 24. Re4 b5 25. Ke2 Rfd8 26. b4 R8d7 27. Rfe3 Bh6 28. Rf3 Bc1 29.
Bc5 Bxa3 30. c4 Rd2+ 31. Ke1 Bb2 32. cxb5 axb5 33. Bd6 Rxg2 34. Re2 Rxe2+ 35. Kxe2 Bd4 36. Rd3 Bg1 37. Rc3 Bh2 38. Rc8+ Kg7 39. Bf8+ Kg8 40. Bh6+ 1-0